 Dungeon Crawl Stone Soup version 0.20.0-15-g7f486f2 (webtiles) character file.

9203 KleinerIrrer the Spear-Bearer (level 11, 0/75 HPs)
             Began as a Formicid Fighter on June 30, 2017.
             Was a Priest of the Shining One.
             Killed by mirror damage (25 damage)
             ... on level 11 of the Dungeon.
             The game lasted 00:27:19 (9186 turns).

KleinerIrrer the Spear-Bearer (Formicid Fighter)    Turns: 9186, Time: 00:27:20

Health: 0/75       AC: 21    Str: 32    XL:     11   Next: 70%
Magic:  11/11      EV:  7    Int:  9    God:    the Shining One [***...]
Gold:   561        SH: 14    Dex:  9    Spells: 10/10 levels left

rFire    . . .     SeeInvis +   m - +10 glaive "Urhati" {elec, rElec rC+ Int+2}
rCold    + + .     Gourm    .   c - +0 shield
rNeg     + + .     Faith    .   j - +3 chain mail {rC+}
rPois    .         Spirit   .   (helmet unavailable)
rElec    +         Reflect  +   D - +0 cloak {+Inv}
rCorr    .         Harm     .   I - +1 pair of gloves {Dex+3}
MR       ++...                  l - +0 pair of boots
Stlth    ..........             A - +3 amulet of reflection
Regen    0.3/turn               a - ring of the Illusory People {rN+ MR+ AC+3 Str+3 Dex-5}
MPRegen  0.2/turn               (no ring)

@: mighty, glowing
A: permanent stasis, dig shafts and tunnels, four strong arms, antennae 3
a: Dig, Shaft Self, Divine Shield, Renounce Religion, Evoke Invisibility


You were on level 11 of the Dungeon.
You worshipped the Shining One.
The Shining One was most pleased with you.
You were not hungry.

You visited 1 branch of the dungeon, and saw 11 of its levels.

You collected 561 gold pieces.

Inventory:

Hand Weapons
 m - the +10 glaive "Urhati" (weapon) {elec, rElec rC+ Int+2}
   (You took it off an orc on level 6 of the Dungeon)

   Occasionally, upon striking a foe, it will discharge some electrical energy
   and cause terrible harm.
   It affects your intelligence (+2).
   It protects you from cold.
   It insulates you from electricity.
 s - a +5 battleaxe
Armour
 c - a +0 shield (worn)
 j - a +3 chain mail of cold resistance (worn)
 l - a +0 pair of boots (worn)
 D - a +0 cloak of invisibility (worn)
 I - a +1 pair of gloves of dexterity (worn)
Jewellery
 a - the ring of the Illusory People (left hand) {rN+ MR+ AC+3 Str+3 Dex-5}
   (You found it on level 5 of the Dungeon)

   [ring of protection]

   It affects your AC (+3).
   It affects your strength (+3).
   It affects your dexterity (-5).
   It protects you from negative energy.
   It affects your resistance to hostile enchantments.
 k - an uncursed ring of ice
 A - a +3 amulet of reflection (around neck)
 E - an uncursed amulet of regeneration
Wands
 d - a wand of flame (37/48)
 q - a wand of iceblast (4/15)
 C - a wand of confusion (28/48)
 F - a wand of disintegration (18/24)
 H - a wand of digging (11/24)
Scrolls
 b - 2 scrolls of amnesia {unknown}
 g - a scroll of magic mapping {unknown}
 h - 4 scrolls of identify
 i - 2 scrolls of fear {unknown}
 p - a scroll of remove curse
 t - 2 scrolls of fog {unknown}
 v - a scroll of enchant weapon {unknown}
 y - a scroll of enchant armour
Potions
 e - 3 potions of lignification
 n - 4 potions of curing
 o - a potion of resistance {unknown}
 w - a potion of heal wounds {unknown}
 x - 2 potions of ambrosia {unknown}
 B - 2 potions of flight {unknown}
 G - a potion of might
Books
 z - a book of Changes

   Spells                             Type                      Level
   a - Beastly Appendage              Transmutation                1
   b - Sticks to Snakes               Transmutation                2
   c - Spider Form                    Transmutation/Poison         3
   d - Ice Form                       Ice/Transmutation            4
   e - Blade Hands                    Transmutation                5
Comestibles
 f - 10 bread rations
 r - 6 meat rations
 u - 4 royal jellies
 J - 2 chunks of flesh


   Skills:
 - Level 3.2 Fighting
 - Level 10.8(13.0) Axes
 + Level 12.1(13.6) Polearms
 - Level 7.1 Armour
 - Level 5.0 Shields
 - Level 0.2 Evocations


You had 10 spell levels left.
You didn't know any spells.

Dungeon Overview and Level Annotations

Branches:
Dungeon (11/15)            Temple (0/1) D:7
   Lair: D:8-11         Orc: D:9-12

Altars:
Ashenzari
Cheibriados
Elyvilon
Fedhas
Hepliaklqana
Kikubaaqudgha
Makhleb
Okawaru
Qazlal
Sif Muna
Trog
Vehumet
Xom
Yredelemnul
The Shining One

Annotations:
D:5 1 transporter


Innate Abilities, Weirdness & Mutations

You cannot be hasted, slowed, berserked, paralysed or teleported.
You can dig through walls and to a lower floor.
Your four strong arms can wield two-handed weapons with a shield.
You have a pair of large antennae on your head. (SInv)


Message History

The orc wizard casts a spell.
The orc wizard blinks!
The troll closely misses you. You block the troll's attack.
The troll claws you but does no damage.
You feel very mighty all of a sudden.
You block the troll's attack. x2; The troll claws you!
You slice the troll!!
You kill the troll!
Your base Polearms skill increases to level 12!
The bullfrog hits you but does no damage.
You slice the bullfrog!! Lightning courses through the bullfrog!
You kill the bullfrog!
The hornet barely misses you.
Attack whom?
Press: ? - help, Dir - move target cursor, f - death knight
Aim: a death knight, wielding an enchanted morningstar and wearing a glowing chain mail (haloed, reflecting injuries)
You reach to attack!
You slice the death knight!!
Lightning courses through the death knight!
The death knight is heavily wounded.
The death knight reflects your damage back at you!
You die...

.. ..
##.# {
...####
#..'.#
##.'.#
#..pO#
#...##y#
##. #@#
#. #.#
.. ##.#
{ ##
#..# ##
##.## ##
##. #..#
.##..
##.##
>#(.
#..#
...#
##.##


You could see a death knight, a hornet and an ogre.

Vanquished Creatures
  The ghost of KleinerIrrer the Severer, a journeyman FoFi of the Shining One (D:10)
  3 two-headed ogres
  Pikel (D:5)
  Psyche (D:8)
  2 trolls (D:11)
  A hippogriff (D:7)
  A spriggan (D:7)
  Sigmund (D:4)
  Menkaure (D:6)
  Edmund (D:5)
  The ghost of Timinator the Digger, an amateur GrEE (D:3)
  A water moccasin (D:10)
  2 sky beasts
  An ice beast (D:9)
  3 orc warriors
  3 phantoms
  5 ogres
  2 eyes of draining (D:9)
  2 centaurs
  2 crocodiles
  A big kobold (D:9)
  Blork the orc (D:3)
  7 bullfrogs
  A wyvern zombie (D:6)
  A wyvern skeleton (D:11)
  3 scorpions
  5 wights (D:5)
  4 howler monkeys
  4 crimson imps
  A bullfrog zombie (D:6)
  4 orc wizards
  12 hounds
  2 centaur zombies
  Crazy Yiuf (D:7)
  A jelly (D:5)
  2 bullfrog skeletons
  4 iguanas
  9 worker ants
  Natasha (thrice) (D:2)
  A hound zombie (D:7)
  2 hound skeletons (D:4)
  A worker ant zombie (D:5)
  7 gnolls
  17 adders
  A howler monkey skeleton (D:10)
  A river rat (D:4)
  A shadow imp (D:6)
  3 oozes
  3 adder skeletons
  2 worms
  A dart slug (D:2)
  4 leopard geckos
  17 orcs
  8 bats
  14 giant cockroaches
  8 goblins
  8 hobgoblins
  11 jackals
  11 kobolds
  2 quokkas
  6 frilled lizards
  A quokka skeleton (D:4)
  2 rats
233 creatures vanquished.

Vanquished Creatures (others)
  A centaur (D:10)
  A leopard gecko (D:5)
2 creatures vanquished.

Grand Total: 235 creatures vanquished

Notes
Turn   | Place    | Note
-------+----------+-------------------------------------------
     0 | D:1      | KleinerIrrer the Formicid Fighter began the quest for the Orb.
     0 | D:1      | Reached XP level 1. HP: 18/18 MP: 1/1
   167 | D:1      | Reached XP level 2. HP: 24/24 MP: 2/2
   596 | D:1      | Reached XP level 3. HP: 29/29 MP: 3/3
   956 | D:2      | Found a burning altar of Makhleb.
   961 | D:2      | Reached XP level 4. HP: 31/35 MP: 4/4
  1220 | D:2      | Reached skill level 5 in Armour
  1256 | D:2      | Found a stormy altar of Qazlal.
  1257 | D:2      | Noticed Natasha
  1271 | D:2      | Killed Natasha
  1463 | D:2      | Found a faded altar of an unknown god.
  1552 | D:2      | Noticed Natasha
  1557 | D:2      | Reached XP level 5. HP: 41/41 MP: 5/5
  1562 | D:2      | Killed Natasha
  1690 | D:2      | Noticed Natasha
  1696 | D:2      | Killed Natasha
  1749 | D:3      | Noticed Timinator's ghost (amateur GrEE)
  1950 | D:3      | Killed Timinator's ghost
  1950 | D:3      | Reached XP level 6. HP: 35/47 MP: 6/6
  2497 | D:3      | Found an ancient bone altar of Kikubaaqudgha.
  2613 | D:3      | Noticed Blork the orc
  2621 | D:3      | Found a deep blue altar of Sif Muna.
  2745 | D:3      | Killed Blork the orc
  2862 | D:3      | Found a glowing golden altar of the Shining One.
  3142 | D:3      | Reached skill level 5 in Shields
  3142 | D:3      | Reached XP level 7. HP: 12/52 MP: 7/7
  4198 | D:4      | Noticed Sigmund
  4216 | D:4      | Killed Sigmund
  4216 | D:4      | Reached skill level 5 in Axes
  4216 | D:4      | Reached XP level 8. HP: 43/58 MP: 8/8
  4794 | D:3      | Became a worshipper of the Shining One
  4835 | D:5      | Entered Level 5 of the Dungeon
  4898 | D:5      | Found a blossoming altar of Fedhas.
  4907 | D:5      | Noticed Edmund
  4927 | D:5      | Killed Edmund
  5180 | D:5      | Reached * piety under the Shining One
  5186 | D:5      | Reached XP level 9. HP: 64/64 MP: 9/9
  5201 | D:5      | Found a transporter.
  5220 | D:5      | Found a shimmering altar of Xom.
  5225 | D:5      | Got a scintillating golden ring
  5226 | D:5      | Identified the ring of the Illusory People {rN+ MR+ AC+3 Str+3 Dex-5} (You found it on level 5 of the Dungeon)
  5394 | D:5      | Noticed Pikel
  5401 | D:5      | Killed Pikel
  5401 | D:5      | Reached skill level 10 in Axes
  5427 | D:5      | Found a shattered altar of Ashenzari.
  5868 | D:6      | Got a crystal glaive {elec}
  5874 | D:6      | Identified the +10 glaive "Urhati" {elec, rElec rC+ Int+2} (You took it off an orc on level 6 of the Dungeon)
  5897 | D:6      | Reached skill level 1 in Polearms
  6039 | D:6      | Reached skill level 2 in Polearms
  6118 | D:6      | Noticed Menkaure
  6123 | D:6      | Killed Menkaure
  6123 | D:6      | Reached skill level 3 in Polearms
  6123 | D:6      | Reached XP level 10. HP: 46/70 MP: 10/10
  6255 | D:6      | Found a basalt altar of Yredelemnul.
  6273 | D:6      | Reached skill level 4 in Polearms
  6378 | D:6      | Found a white marble altar of Elyvilon.
  6569 | D:7      | Reached skill level 5 in Polearms
  6656 | D:7      | Reached ** piety under the Shining One
  6667 | D:7      | Reached skill level 6 in Polearms
  6680 | D:7      | Found a hazy altar of Hepliaklqana.
  6881 | D:7      | Found a runed door.
  6885 | D:7      | Noticed Crazy Yiuf
  6887 | D:7      | Killed Crazy Yiuf
  6938 | D:7      | Found a staircase to the Ecumenical Temple.
  7042 | D:7      | Reached skill level 7 in Polearms
  7049 | D:7      | Found a snail-covered altar of Cheibriados.
  7185 | D:8      | Noticed Psyche
  7196 | D:8      | Killed Psyche
  7769 | D:9      | Reached skill level 8 in Polearms
  7855 | D:9      | Found a bloodstained altar of Trog.
  7996 | D:9      | Noticed a two-headed ogre
  8002 | D:9      | Killed a two-headed ogre
  8002 | D:9      | Reached skill level 9 in Polearms
  8002 | D:9      | Reached XP level 11. HP: 61/75 MP: 11/11
  8306 | D:9      | Noticed a two-headed ogre
  8310 | D:9      | Killed a two-headed ogre
  8310 | D:9      | Reached skill level 10 in Polearms
  8404 | D:9      | Found an iron altar of Okawaru.
  8571 | D:10     | Entered Level 10 of the Dungeon
  8571 | D:10     | Found a radiant altar of Vehumet.
  8684 | D:10     | Noticed a two-headed ogre
  8688 | D:10     | Killed a two-headed ogre
  8688 | D:10     | Reached skill level 11 in Polearms
  9087 | D:10     | Noticed KleinerIrrer's ghost (journeyman FoFi)
  9098 | D:10     | Killed KleinerIrrer's ghost
  9145 | D:11     | Reached *** piety under the Shining One
  9176 | D:11     | Noticed a death knight
  9184 | D:11     | Reached skill level 12 in Polearms
  9186 | D:11     | Killed by mirror damage

Skill      XL: |  1  2  3  4  5  6  7  8  9 10 11 |
---------------+----------------------------------+-----
Armour         | 4 5 7 |  7.1
Shields        | 5 |  5.0
Axes           | 5 8 10 | 10.8
Polearms       | 3 9 12 | 12.1
Fighting       | |  3.2
Evocations     | |  0.2

Action                   |  1- 3 |  4- 6 |  7- 9 | 10-12 || total
-------------------------+-------+-------+-------+-------++-------
Melee: War axe           |    45 |       |       |       ||    45
       Whip              |    14 |   178 |   222 |       ||   414
       Battleaxe         |       |       |    71 |       ||    71
       Glaive            |       |       |    19 |   191 ||   210
Evoke: Wand              |       |     4 |       |       ||     4
  Use: Potion            |       |     2 |     1 |     1 ||     4
       Scroll            |       |    10 |     1 |     1 ||    12
  Eat: Chunk             |       |     6 |     7 |     5 ||    18
       Bread ration      |       |       |     1 |     1 ||     2
Armor: Scale mail        |     5 |       |       |       ||     5
       Chain mail        |    24 |    97 |   100 |    60 ||   281
Dodge: Dodged            |    13 |    50 |    69 |    28 ||   160
Block: Shield            |    38 |    83 |   146 |    77 ||   344
       Reflection        |       |       |       |    17 ||    17
